Map: Turbo Cruise '84 LE

Players

TiPtOP

  • Race: Terran Terran
  • League: Silver
  • Spawn Location: 7:00

deFragNZ - Winner!

  • Race: Terran Terran
  • League: Silver
  • Spawn Location: 3:00

VOD

Have the link to the VOD?

Description

Time

  • Played on: Aug. 17, 2019, 12:23 a.m.
  • Length: 11:16
Show
View Real Time Build Order
Export as new Build Order

TiPtOP Terran 

Build Orders: Mech 

Get SALT Encoding   

  12  0:01  SCV  
  13  0:13  SCV  
  14  0:21  Supply Depot  
  14  0:25  SCV  
  15  0:42  SCV  
  16  0:45  Barracks  
  16  0:54  SCV  
  17  1:00  Refinery  
  17  1:06  SCV  
  18  1:19  SCV  
  19  1:27  Command Center  
  19  1:42  Orbital Command  
  19  1:44  Marine  
  20  1:51  Supply Depot  
  20  2:15  SCV  
  20  2:23  Factory  
  20  2:29  SCV  
  21  2:30  Refinery  
  21  2:35  Marine  
  22  2:38  Orbital Command  
  22  2:41  SCV  
  23  3:03  SCV  
  24  3:18  Factory Tech Lab  
  24  3:33  SCV x2  
  26  3:34  Supply Depot  
  26  3:39  Siege Tank  
  29  3:45  SCV x2  
  31  3:53  Factory  
  31  3:57  Command Center  
  31  3:58  SCV  
  31  3:59  SCV  
  33  4:09  Supply Depot  
  33  4:11  SCV  
  34  4:20  Siege Tank  
  37  4:30  Engineering Bay  
  37  4:31  SCV  
  38  4:32  Supply Depot  
  38  4:36  SCV  
  39  4:43  SCV  
  40  4:46  Factory Reactor  
  40  4:48  SCV  
  41  4:53  Factory  
  41  4:54  Supply Depot  
  41  5:07  Missile Turret  
  41  5:08  SCV x2  
  41  5:12  Missile Turret  
  43  5:15  Siege Tank  
  43  5:16  Supply Depot  
  43  5:20  SCV x2  
  48  5:25  Hellion x2  
  52  5:43  SCV x2  
  52  5:47  Factory Tech Lab  
  54  5:55  Hellion x2, SCV  
  59  6:12  Factory  
  59  6:17  Refinery  
  59  6:19  SCV  
  59  6:20  SCV  
  59  6:22  Refinery  
  62  6:31  SCV, Orbital Command  
  62  6:32  SCV  
  63  6:37  Hellion x2, Siege Tank  
  70  6:43  SCV  
  70  6:44  SCV  
  70  6:45  Armory  
  72  6:49  Armory  
  72  6:56  SCV  
  72  6:58  SCV x2  
  75  7:08  SCV  
  76  7:10  SCV x2  
  76  7:11  Factory Tech Lab  
  78  7:20  Missile Turret, SCV  
  79  7:31  Infernal Pre-Igniter  
  79  7:32  SCV  
  72  7:44  SCV  
  69  7:57  Thor  
  69  7:58  Thor x2  
  83  8:00  Hellion x2  
  87  8:07  Terran Vehicle Weapons Level 1  
  87  8:15  SCV  
  87  8:18  Refinery  
  88  8:22  Hellion x2, Refinery  
  92  8:27  SCV  
  93  8:39  SCV  
  93  8:50  Supply Depot  
  93  8:51  SCV  
  93  8:52  Supply Depot  
  93  8:54  Supply Depot  
  93  8:58  Supply Depot  
  93  9:00  Supply Depot  
  93  9:11  Thor  
  93  9:12  Hellbat  
  93  9:13  SCV  
  93  9:14  Hellion x2  
  98  9:28  SCV  
  99  9:33  Thor  
  99  9:35  Hellbat  
  99  9:36  Hellbat  
  109  9:41  SCV  
  110  9:47  Command Center  
  110  9:53  SCV  
  110  9:54  Thor  
  110  9:55  Supply Depot  
  110  9:56  Hellion  
  110  9:58  Hellion  
  121  10:01  SCV x2  
  121  10:05  SCV  
  119  10:16  Thor  
  125  10:26  Hellion x2  
  85  11:16  Factory  
Show
View Real Time Build Order
Export as new Build Order

deFragNZ Terran - Winner!

Build Orders:  

Get SALT Encoding   

  12  0:01  SCV  
  13  0:13  SCV  
  14  0:18  Supply Depot  
  14  0:25  SCV  
  15  0:29  Refinery  
  15  0:44  Barracks  
  15  0:46  SCV  
  16  0:58  SCV  
  17  1:10  SCV  
  18  1:22  SCV  
  19  1:31  Reaper  
  20  1:34  SCV  
  21  1:42  Command Center  
  21  1:47  SCV  
  22  1:55  Factory  
  22  2:05  Orbital Command  
  22  2:19  Supply Depot  
  22  2:26  Barracks Reactor  
  22  2:35  SCV  
  23  2:47  SCV  
  24  2:53  Factory Tech Lab  
  24  2:54  Barracks  
  24  2:59  SCV, Starport  
  25  3:08  Refinery  
  25  3:11  SCV  
  26  3:15  Engineering Bay  
  26  3:22  Marine x2  
  28  3:29  Orbital Command  
  28  3:42  SCV  
  29  3:53  Starport Reactor  
  29  3:54  SCV  
  30  4:03  Siege Tank  
  30  4:05  Barracks Tech Lab  
  30  4:06  Marine x2  
  35  4:14  SCV x2  
  37  4:26  SCV x2  
  39  4:32  Refinery  
  39  4:35  Refinery, Marine x3  
  42  4:38  Siege Tank, SCV  
  46  4:52  Supply Depot  
  46  4:54  Supply Depot  
  46  4:55  Supply Depot  
  46  4:57  Supply Depot  
  46  4:59  Supply Depot  
  46  5:00  Hi-Sec Auto Tracking  
  46  5:13  SCV x2, Marine  
  49  5:15  Medivac x2  
  49  5:18  Marine x2  
  55  5:26  SCV x2  
  57  5:31  Marine  
  58  5:36  Marine x2  
  58  5:38  SCV x2  
  62  5:43  Siege Tank  
  62  5:49  Marine  
  66  5:50  SCV x2  
  66  5:54  Marine  
  69  5:57  Terran Infantry Weapons Level 1  
  69  6:02  SCV x2  
  71  6:05  Armory  
  71  6:08  Stimpack  
  71  6:14  SCV x2, Marine  
  71  6:15  Marine x2  
  71  6:18  Siege Tank  
  79  6:20  Medivac  
  81  6:26  SCV  
  81  6:32  Marine x2  
  82  6:33  Marine  
  85  6:50  Missile Turret, Marine  
  86  7:02  Terran Vehicle Weapons Level 1  
  86  7:03  Marine x2  
  86  7:08  Marine  
  88  7:09  Liberator  
  88  7:10  Liberator  
  88  7:11  Supply Depot  
  88  7:14  Supply Depot  
  89  7:23  Marine  
  89  7:24  Marine  
  89  7:25  Siege Tank  
  89  7:26  Marine  
  101  7:35  Supply Depot  
  97  7:38  Supply Depot  
  97  7:41  Marine  
  79  7:49  Marine x2  
  81  7:52  Liberator x2  
  81  7:57  Siege Tank  
  84  7:59  Marine  
  85  8:06  Marine x2  
  85  8:08  Combat Shield  
  93  8:17  Marine  
  94  8:24  Marine x2  
  96  9:00  Marine x3  
  96  9:02  Siege Tank  
  102  9:03  Medivac x2  
  105  9:17  Marine  
  105  9:18  Marine  
  105  9:34  Siege Tank, Medivac x2  
  112  10:04  Medivac x2  
  112  10:06  Siege Tank  
Tags
 
Composition
Mech
Matchup
TvT
Race
Terran
Spawn Locations
Cross Positions
Add a new tag
Caveats
  • Supply blocks, unpowered buildings, or Contaminate may cause inaccurate times.
  • Supply counts are checked every 10 seconds.